 Dungeon Crawl Stone Soup version 0.18-a0-1186-gd02dc51 (webtiles) character file.

62 kae the Slasher (level 3, -6/31 HPs)
             Began as a Minotaur Fighter on Jan 28, 2016.
             Engulfed by a cloud of flame (9 damage)
             ... on level 3 of the Dungeon.
             The game lasted 00:01:18 (1078 turns).

kae the Slasher (Minotaur Fighter)                  Turns: 1078, Time: 00:01:19

Health: -6/31      AC:  6    Str: 20    XL:     3   Next: 85%
Magic:  2/2        EV:  7    Int:  6    God:
Gold:   78         SH:  9    Dex:  9    Spells: 0 memorised, 2 levels left

rFire  + . .     SeeInvis .     a - +0 long sword
rCold  . . .     Gourm    .     b - +0 scale mail
rNeg   . . .     Faith    .     c - +0 shield
rPois  .         Spirit   .     (helmet restricted)
rElec  .         Dismiss  .     (no cloak)
rCorr  .         Reflect  .     (no gloves)
SustAt .         Harm     .     (no boots)
MR     .....                    (no amulet)
Stlth  ..........               (no ring)
                                g - ring of protection from fire

@: not resistant to hostile enchantments, extremely unstealthy
A: retaliatory headbutt, horns 2
a: no special abilities


You were on level 3 of the Dungeon.
You were hungry.

You visited 1 branch of the dungeon, and saw 3 of its levels.

You collected 78 gold pieces.

Inventory:

Hand Weapons
 a - a +0 long sword (weapon)
Armour
 b - a +0 scale mail (worn)
 c - a +0 shield (worn)
Jewellery
 g - a ring of protection from fire (left hand)
Scrolls
 h - a scroll of remove curse
 j - a scroll of enchant armour {unknown}
 m - a scroll of teleportation {unknown}
 o - a scroll of identify {unknown}
Potions
 d - a potion of might
 i - 4 potions of heal wounds {unknown}
 k - a potion of mutation {unknown}
 n - a potion of curing {unknown}
 p - a potion of cure mutation {unknown}
Comestibles
 f - 3 bread rations


   Skills:
 - Level 3.6 Fighting
 + Level 5.1 Long Blades
 - Level 3.6 Armour
 - Level 3.6 Shields


You had 2 spell levels left.
You didn't know any spells.

Dungeon Overview and Level Annotations

Branches:
Dungeon (3/15)

Altars:
Ashenzari
Cheibriados
Elyvilon


Innate Abilities, Weirdness & Mutations

You reflexively headbutt those who attack you in melee.
You have a pair of horns on your head.


Message History

It was a scroll of remove curse.
Read which item? (? for menu, Esc to quit)
Okay, then.
Drop what? 15/52 slots (_ for help) (? for menu, Esc to quit)
You remove your amulet of inaccuracy.
You drop an uncursed amulet of inaccuracy.
The orc hits you with a falchion.
Your shield and scale mail prevent you from hitting the orc.
Your headbutt misses the orc. You block the orc's attack.
An orc comes into view. It is wielding a short sword.
You completely miss the orc.
The orc shouts!
Your headbutt misses the orc. The orc hits you but does no damage.
You slash the orc!
The orc explodes!
The fiery explosion engulfs you! You resist.
Ouch! That really hurt!
* * * LOW HITPOINT WARNING * * *
You are engulfed in roaring flames.
You resist.
You die...

#.......##
#......###.
#..........
#.#..######
##..## ##.#
#.# #"# #@#
#§# #§# #.#
#.# #.# #o#
..#


You could see an orc.

Vanquished Creatures
  2 adders (D:2)
  2 worms (D:2)
  2 giant geckos
  An orc (D:3)
  A ball python (D:2)
  3 giant cockroaches (D:1)
  5 goblins
  4 hobgoblins
  4 kobolds
  3 bats (D:2)
  A giant newt (D:1)
  6 rats
34 creatures vanquished.

Notes
Turn   | Place    | Note
--------------------------------------------------------------
     0 | D:1      | kae the Minotaur Fighter began the quest for the Orb.
     0 | D:1      | Reached XP level 1. HP: 19/19 MP: 0/0
    95 | D:1      | Found a shattered altar of Ashenzari.
   159 | D:1      | Reached XP level 2. HP: 26/26 MP: 1/1
   457 | D:1      | You fall through a shaft!
   458 | D:2      | Found a white marble altar of Elyvilon.
   464 | D:2      | Reached skill level 4 in Long Blades
   511 | D:2      | Found a snail-covered altar of Cheibriados.
   540 | D:2      | Reached XP level 3. HP: 31/31 MP: 2/2
   922 | D:2      | Reached skill level 5 in Long Blades
  1078 | D:3      | Engulfed by a cloud of flame

Vault maps used:
D:1:      shiori_arrival_whats_in_store_for_you, nicolae_ashenzari_panopticon
D:2:      elyvilon_altar_4, nicolae_overflow_crystal_walls, first_bread,
          serial_forest, infiniplex_forest_clump_small,
          infiniplex_forest_straight_1, infiniplex_forest_clump_cross,
          infiniplex_forest_clump_long, infiniplex_forest_lined_room_,
          infiniplex_forest_end_2
D:3:      tso_altar, lemuel_crystal_altar, nrook_loot_triangle

Action                   || total
-------------------------++-------
Melee: Long sword        ||    80
  Use: Scroll            ||     2
